 Dungeon Crawl Stone Soup version 0.27.1-33-g824d729ab1 (webtiles) character file.

Game seed: 2460075697110457346

105 mendez88 the Ruffian (level 4, -3/36 HPs)
             Began as a Hill Orc Transmuter on Dec 1, 2021.
             Slain by an adder (4 damage)
             ... on level 3 of the Dungeon.
             The game lasted 00:22:27 (2980 turns).

mendez88 the Ruffian (Hill Orc Transmuter)          Turns: 2980, Time: 00:22:28

Health: -3/36      AC:  2    Str: 12    XL:     4   Next: 83%
Magic:  6/7        EV: 12    Int: 14    God:
Gold:   55         SH:  0    Dex: 11    Spells: 6/7 levels left

rFire    + . .     SeeInvis .     - Unarmed
rCold    x . .     Faith    .   (no shield)
rNeg     . . .     Spirit   .   a - +0 robe
rPois    .         Reflect  .   (helmet currently unavailable)
rElec    .         Harm     .   (no cloak)
rCorr    .         Rampage  .   (no gloves)
Will     .....                  (boots currently unavailable)
Stlth    +.........             (no amulet)
HPRegen  0.12/turn              h - ring of fire
MPRegen  0.10/turn              (no ring)

@: appendages
A: horns 2, talons 2
a: End Transformation


You were on level 3 of the Dungeon.
You had temporarily grown beastly horns and talons.
You visited 1 branch of the dungeon, and saw 3 of its levels.

You collected 55 gold pieces.

Inventory:

Hand Weapons
 d - a +4 dagger of flaming
Armour
 a - a +0 robe (worn)
Jewellery
 h - a ring of fire (left hand)
Scrolls
 b - 3 scrolls of teleportation {unknown}
 e - a scroll of blinking {unknown}
 f - a scroll of enchant weapon {unknown}
 i - a scroll of immolation {unknown}
Potions
 c - a potion of heal wounds {unknown}
 g - 2 potions of flight {unknown}


   Skills:
 + Level 1.7 Fighting
 + Level 1.9 Dodging
 + Level 0.3 Stealth
 + Level 4.3 Unarmed Combat
 + Level 2.3 Spellcasting
 + Level 2.0 Transmutations


You had 6 spell levels left.
You knew the following spells:

 Your Spells              Type           Power      Damage    Failure   Level
a - Beastly Appendage     Tmut           14%        N/A       10%         1

Your spell library contained the following spells:

 Spells                   Type           Power      Damage    Failure   Level
 Wereblood                Tmut           7%         N/A       16%         2
 Passwall                 Tmut/Erth      3%         N/A       22%         2
 Spider Form              Tmut/Pois      2%         N/A       41%         3
 Swiftness                Air            1%         N/A       56%         3
 Ice Form                 Ice/Tmut       4%         N/A       83%         4
 Invisibility             Hex            0%         N/A       100%        6


Dungeon Overview and Level Annotations

Branches:
Dungeon (3/15)

Altars:


Innate Abilities, Weirdness & Mutations

You have temporarily grown beastly horns and talons.


Message History

The orc hits you but does no damage.
You hit the orc.
You kill the orc!
Things that are here:
a +0 club; a +0 scale mail 4 orcs come into view.
The orc shouts! x3
The orc moves out of view. x2
An adder comes into view.
Your transformation is almost over.
The orc closely misses you.
The adder moves out of view.
You completely miss the orc. You claw the orc, but do no damage.
Your headbutt misses the orc. The orc hits you with a +4 war axe!
The orc hits you with a +0 mace!
You closely miss the orc. Your kick misses the orc.
Your headbutt misses the orc. The orc barely misses you.
The orc hits you with a +0 mace.
You barely miss the orc. You claw the orc.
The orc is severely wounded.
The orc hits you with a +4 war axe!
* * * LOW HITPOINT WARNING * * *
The orc completely misses you.
You hit the orc. You claw the orc, but do no damage. You headbutt the orc.
You kill the orc!
The orc closely misses you.
Things that are here:
a +4 war axe; a +0 leather armour; an orc corpse You hit the orc.
You claw the orc.
You kill the orc!
You barely miss the adder.
Your horns disappear.
Your talons disappear.
The adder bites you.
* * * LOW HITPOINT WARNING * * *
You barely miss the adder. The adder misses you.
You miss the adder. The adder barely misses you.
Casting: Beastly Appendage (safe; 10% risk of failure)
Press: ? - help, Q - select action Dir - look around, f - activate You grow a pair of large bovine horns.
Your feet morph into talons.
The adder bites you.
You die...

#### .....
..... ......
......#########
.......o#.....#
####.o#S#.###.#
#. #@#.#.#.# #
#.#.#.#.#
#)#<..#.#
#.#####.#
#...<...#
#########


You could see an adder and an orc.

Vanquished Creatures
  Jessica (D:2)
  2 adders (D:2)
  A dart slug (D:1)
  3 orcs (D:3)
  5 bats
  4 endoplasms
  2 giant cockroaches
  2 goblins
  7 hobgoblins
  9 jackals
  3 quokkas (D:1)
  3 ball pythons (D:2)
  2 frilled lizards
  4 kobolds
  2 rats (D:2)
50 creatures vanquished.

Notes
Turn   | Place    | Note
-------+----------+-------------------------------------------
     0 | D:1      | mendez88 the Hill Orc Transmuter began the quest for the
                  | Orb.
     0 | D:1      | Reached XP level 1. HP: 16/16 MP: 3/3
   444 | D:1      | Reached XP level 2. HP: 20/23 MP: 2/4
  1047 | D:1      | Reached XP level 3. HP: 24/28 MP: 2/5
  1337 | D:2      | Reached skill level 4 in Unarmed Combat
  2095 | D:2      | Noticed Jessica
  2104 | D:2      | Reached XP level 4. HP: 25/35 MP: 5/7
  2107 | D:2      | Killed Jessica
  2977 | D:3      | HP: 1/36 [adder (5)]
  2980 | D:3      | Slain by an adder

Illustrated notes

Levels and vault maps discovered:
D:1:      beargit_arrival_greenhouse, layout_rooms
D:2:      layout_basic, minmay_tetromino_i4, uniq_jessica
D:3:      layout_basic, mainiacjoe_overflow_paths, grunt_gozag_statues,
          shapermc_ecumenical_altar_flowoftime,
          minmay_fractal_squares_diagonal_5, uniq_natasha

Skill      XL: |  1  2  3  4 |
---------------+-------------+-----
Unarmed Combat | 4 |  4.3
Spellcasting   | 2 |  2.3
Transmutations | 2 |  2.0
Fighting       | |  1.7
Dodging        | |  1.9
Stealth        | |  0.3

Action                   |  1- 3 |  4- 6 || total
-------------------------+-------+-------++-------
Melee: Unarmed           |   109 |    37 ||   146
       Kick              |    16 |     9 ||    25
       Headbutt          |    11 |     4 ||    15
       Punch             |     1 |       ||     1
 Cast: Beastly Appendage |    26 |     8 ||    34
 Stab: Sleeping          |     1 |       ||     1
Armor: Robe              |    26 |     5 ||    31
Dodge: Dodged            |    77 |    14 ||    91
